 Dungeon Crawl Stone Soup version 0.30-a0-23-ge60ba3568b (webtiles) character file.

Game seed: 15545785836684106674

1143 QueenGhuleh the Chopper (level 8, 0/70 HPs)
             Began as a Minotaur Berserker on Aug 23, 2022.
             Was a Priest of Trog.
             Slain by Dowan
             ... wielding a +4 dagger of protection
              (5 damage)
             ... on level 5 of the Dungeon on Aug 24, 2022.
             The game lasted 00:07:11 (5606 turns).

QueenGhuleh the Chopper (Minotaur Berserker)        Turns: 5606, Time: 00:07:12

Health: 0/70       AC: 10    Str: 23    XL:     8   Next: 15%
Magic:  7/7        EV:  9    Int:  4    God:    Trog [***...]
Gold:   273        SH:  0    Dex: 11    Spells: 7/7 levels left

rFire   . . .      SeeInvis .    n - +0 flail
rCold   . . .      Faith    .    (no shield)
rNeg    . . .      Spirit   .    i - +0 chain mail
rPois   .          Reflect  .    (helmet restricted)
rElec   .          Harm     .    (no cloak)
rCorr   .          Rampage  .    (no gloves)
Will    .....                    (no boots)
Stlth   ..........               (no amulet)
HPRegen 0.21/turn                (no ring)
MPRegen 0.10/turn                (no ring)

@: mighty, lit by a corona, on berserk cooldown, slowed, glowing, very slow
A: horns 2, retaliatory headbutt
a: Renounce Religion, Berserk, Trog's Hand


You were on level 5 of the Dungeon.
You worshipped Trog.
Trog was most pleased with you.
You visited 1 branch of the dungeon, and saw 5 of its levels.

You collected 273 gold pieces.

Inventory:

Hand Weapons
 a - a +0 hand axe
 n - a +0 flail (weapon)
Armour
 i - a +0 chain mail (worn)
Jewellery
 m - a ring of ice
Scrolls
 c - 3 scrolls of teleportation {unknown}
 e - a scroll of enchant weapon {unknown}
 f - 4 scrolls of identify {unknown}
 g - 2 scrolls of butterflies {unknown}
 j - 2 scrolls of enchant armour {unknown}
 l - a scroll of silence {unknown}
Potions
 b - 2 potions of curing {unknown}
 d - a potion of invisibility {unknown}
 h - 2 potions of heal wounds {unknown}
 k - a potion of brilliance {unknown}
 o - a potion of degeneration {unknown}


   Skills:
 + Level 6.1 Fighting
 + Level 6.7(7.8) Axes
 + Level 5.9(7.4) Maces & Flails
 + Level 5.6 Armour
 + Level 3.6 Dodging
 + Level 0.7 Stealth


You had 7 spell levels left.
You didn't know any spells.
Your spell library was empty.

Dungeon Overview and Level Annotations

Branches:
Dungeon (5/15)
 Temple: D:4-7

Altars:

Annotations:
D:4 2 transporters, SensoryNuts's ghost, amateur HOFi
D:5 Dowan


Innate Abilities, Weirdness & Mutations

You have a pair of horns on your head.
You reflexively headbutt those who attack you in melee.


Message History

* * * LOW HITPOINT WARNING * * *
Dowan mumbles some strange words.
Dowan blinks!
Items here: ) / [ †.
You sock the hound!
The hound is severely wounded.
The hound bites you.
* * * LOW HITPOINT WARNING * * *
Dowan mumbles some strange words.
Dowan blinks!
You closely miss the hound.
The hound is severely wounded.
The hound bites you but does no damage. The jelly hits you but does no damage.
You hit the hound. Your headbutt misses the hound.
The hound is almost dead.
The hound bites you but does no damage.
You bludgeon the hound!!
You kill the hound!
Trog accepts your kill. The jelly closely misses you. You furiously retaliate!
You headbutt the jelly!
You kill the jelly!
Trog accepts your kill.
You see here a hound corpse.
You feel a strong urge to attack something.
You are no longer berserk.
You are exhausted.
You feel yourself slow down.
Dowan gestures wildly while chanting.
Dowan blinks!
Dowan mumbles some strange words.
Dowan blinks!
Dowan mumbles some strange words.
Dowan blinks!
It was a potion of might.
You feel very mighty all of a sudden.
You are too injured to fight recklessly!
You are too injured to fight recklessly!
You are too injured to fight recklessly!
Dowan hits you with a +4 dagger of protection.
You die...

#........#>........
#..................
##.......†.........#
#........)..#.......
#.......†...#......$
...#......##..## #
..####....###...#
###.
###....e##.##...#..
#......@....# .....
.....##......###.....
##.#. ###...)....#...
##.. #...<.........
## #....)....#.##
##..)....##.#
##........#
#)##........#
#.........###


You could see Dowan (fast).

Vanquished Creatures
  Duvessa (D:5)
  3 ogres (D:4)
  A centaur (D:5)
  2 phantoms (D:5)
  A scorpion (D:4)
  4 hounds
  2 jellies
  3 iguanas
  Natasha (twice) (D:3)
  7 adders
  A gnoll (D:4)
  A shadow imp (D:4)
  A worm (D:2)
  6 dart slugs
  8 orcs
  5 bats
  11 endoplasms
  4 giant cockroaches (D:1)
  3 goblins (D:1)
  9 hobgoblins
  6 jackals (D:1)
  3 quokkas
  5 ball pythons
  8 frilled lizards
  10 kobolds
  4 rats
111 creatures vanquished.

Vanquished Creatures (others)
  A fungus (D:2)
1 creature vanquished.

Grand Total: 112 creatures vanquished

Notes
Turn   | Place    | Note
-------+----------+-------------------------------------------
     0 | D:1      | QueenGhuleh the Minotaur Berserker began the quest for the
                  | Orb.
     0 | D:1      | Reached XP level 1. HP: 19/19 MP: 0/0
   180 | D:1      | Reached XP level 2. HP: 19/27 MP: 1/1
   855 | D:1      | Reached XP level 3. HP: 32/33 MP: 2/2
   866 | D:1      | Reached ** piety under Trog
   874 | D:1      | Upgraded the game from 0.30-a0-12-gd8047c6341 to
                  | 0.30-a0-23-ge60ba3568b
  2346 | D:2      | Found a faded altar of an unknown god.
  2771 | D:3      | Reached XP level 4. HP: 41/41 MP: 3/3
  3002 | D:3      | Noticed Natasha
  3009 | D:3      | Killed Natasha
  3030 | D:3      | Noticed Natasha
  3038 | D:3      | Killed Natasha
  3039 | D:3      | Reached skill level 5 in Axes
  3140 | D:3      | Reached XP level 5. HP: 46/47 MP: 4/4
  3676 | D:4      | Noticed an ogre
  3683 | D:4      | Killed an ogre
  3684 | D:4      | Reached skill level 5 in Fighting
  3806 | D:4      | Reached XP level 6. HP: 42/56 MP: 5/5
  4311 | D:4      | Found a transporter.
  4311 | D:4      | Noticed SensoryNuts's ghost (amateur HOFi)
  4317 | D:4      | Found a transporter.
  4365 | D:4      | Reached *** piety under Trog
  4759 | D:4      | Reached XP level 7. HP: 53/61 MP: 6/6
  5426 | D:5      | Entered Level 5 of the Dungeon
  5437 | D:5      | Reached skill level 5 in Armour
  5569 | D:5      | Noticed Dowan
  5570 | D:5      | Noticed Duvessa
  5577 | D:5      | Reached skill level 5 in Maces & Flails
  5581 | D:5      | Killed Duvessa
  5582 | D:5      | Reached XP level 8. HP: 24/70 MP: 7/7
  5591 | D:5      | HP: 4/105 [hound (2)]
  5606 | D:5      | Slain by Dowan

Illustrated notes

Levels and vault maps discovered:
D:1:      dpeg_arrival_brainrot, layout_basic, minmay_tromino_i4
D:2:      layout_basic, shapermc_ecumenical_altar_mp_ritualfount, st_stairs_4
D:3:      layout_basic, uniq_natasha
D:4:      minmay_razor_zed, layout_gridville, gammafunk_ghost_smash
D:5:      layout_cave_pools, roderic_serpentine_path, uniq_duvessa, uniq_sigmund

Skill      XL: |  1  2  3  4  5  6  7  8 |
---------------+-------------------------+-----
Fighting       | 4 5 6 |  6.1
Axes           | 4 5 6 |  6.7
Armour         | 3 4 5 |  5.6
Dodging        | 3 |  3.6
Maces & Flails | 2 5 |  5.9
Stealth        | |  0.7

Action                   |  1- 3 |  4- 6 |  7- 9 || total
-------------------------+-------+-------+-------++-------
Melee: Hand axe          |   100 |    86 |       ||   186
       Headbutt          |    11 |    17 |    10 ||    38
       Punch             |     1 |     1 |     1 ||     3
       Flail             |       |    26 |    66 ||    92
Invok: Berserk           |     1 |     1 |     2 ||     4
  Use: Potion            |       |       |     1 ||     1
Armor: Animal skin       |    10 |       |       ||    10
       Chain mail        |    17 |    55 |    32 ||   104
       Scale mail        |     7 |       |       ||     7
Dodge: Dodged            |    58 |    39 |    35 ||   132

Table legend: (Time is in decaauts)
 A = Elapsed time spent in this place.
 B = Non-inter-level travel time spent in this place.
 C = Inter-level travel time spent in this place.
 D = Time resting spent in this place.
 E = Time spent auto-exploring this place.
 F = Levels seen in this place.
 G = Mean time per level.
                   A        B        C        D        E       F      G
               +--------+--------+--------+--------+--------+-----+--------+
         Total |   5657 |   5492 |    165 |      0 |   4792 |   5 | 1131.4 |
       Dungeon |   5657 |   5492 |    165 |      0 |   4792 |   5 | 1131.4 |
               +--------+--------+--------+--------+--------+-----+--------+

Top non-repeatable levels by time:
     D:4: 1810 daAuts
     D:1: 1690 daAuts
     D:2: 1024 daAuts
     D:3: 947 daAuts
     D:5: 184 daAuts
